 Dungeon Crawl Stone Soup version 0.29-a0-322-g68df515428 (webtiles) character file.

Game seed: 6299407029959074115

100 YayAnonymity the Slasher (level 4, -3/36 HPs)
             Began as a Draconian Gladiator on Apr 6, 2022.
             Slain by qwertyui's ghost (13 damage)
             ... on level 3 of the Dungeon.
             The game lasted 00:02:30 (2065 turns).

YayAnonymity the Slasher (Draconian Gladiator)      Turns: 2065, Time: 00:02:31

Health: -3/36      AC:  6    Str: 17    XL:     4   Next: 47%
Magic:  4/4        EV: 13    Int:  8    God:
Gold:   95         SH:  0    Dex: 14    Spells: 3/3 levels left

rFire   + . .      SeeInvis .   a - +0 scimitar
rCold   . . .      Faith    .   (no shield)
rNeg    . . .      Spirit   .   (body armour unavailable)
rPois   .          Reflect  .   b - +0 hat
rElec   .          Harm     .   l - +0 cloak
rCorr   .          Rampage  .   (no gloves)
Will    .....                   (no boots)
Stlth   +.........              (no amulet)
HPRegen 0.12/turn               q - ring of protection from fire
MPRegen 0.09/turn               (no ring)

@: no status effects
A: AC +5, unfitting armour, cold-blooded
a: no special abilities


You were on level 3 of the Dungeon.
You visited 1 branch of the dungeon, and saw 3 of its levels.

You collected 95 gold pieces.

Inventory:

Hand Weapons
 a - a +0 scimitar (weapon)
Missiles
 c - 3 throwing nets (quivered)
 d - 3 javelins
Armour
 b - a +0 hat (worn)
 l - a +0 cloak (worn)
Jewellery
 q - a ring of protection from fire (left hand)
Scrolls
 e - 2 scrolls of teleportation {unknown}
 g - a scroll of fog {unknown}
 i - 4 scrolls of identify {unknown}
 m - a scroll of vulnerability {unknown}
 o - a scroll of amnesia {unknown}
Potions
 f - a potion of magic {unknown}
 h - 2 potions of degeneration {unknown}
 j - a potion of haste {unknown}
 k - 3 potions of cancellation {unknown}
 n - a potion of curing {unknown}
 p - a potion of berserk rage {unknown}
 r - a potion of heal wounds {unknown}


   Skills:
 - Level 2.1 Fighting
 * Level 4.7 Long Blades
 - Level 1.7 Throwing
 + Level 3.5 Dodging


You had 3 spell levels left.
You didn't know any spells.
Your spell library contained the following spells:

 Spells                   Type           Power      Damage    Failure   Level
 Static Discharge         Conj/Air       0%         N/A       54%         2
 Lightning Bolt           Conj/Air       0%         1d11      100%        5
 Maxwell's Capacitive Co  Air            0%         ∞         100%        8


Dungeon Overview and Level Annotations

Branches:
Dungeon (3/15)

Altars:

Annotations:
D:3 qwertyui's ghost, weakling GrFi


Innate Abilities, Weirdness & Mutations

Your plain brown scales are hard. (AC +5)
You cannot fit into any form of body armour.
You are cold-blooded and may be slowed by cold attacks.


Message History

Press: ? - help, v - describe, . - travel
Here: qwertyui's ghost (fire blocked by a translucent stone wall)
The floor.
You open the door. You hit qwertyui's ghost. You tail-slap qwertyui's ghost.
Qwertyui's ghost is lightly damaged.
Qwertyui's ghost hits you.
You closely miss qwertyui's ghost.
You tail-slap qwertyui's ghost, but do no damage.
Qwertyui's ghost is lightly damaged.
Qwertyui's ghost hits you but does no damage.
You completely miss qwertyui's ghost.
Qwertyui's ghost is lightly damaged.
Qwertyui's ghost hits you.
You barely miss qwertyui's ghost.
Qwertyui's ghost is lightly damaged.
Qwertyui's ghost hits you but does no damage.
Qwertyui's ghost misses you.
You hit qwertyui's ghost but do no damage.
Qwertyui's ghost is lightly damaged.
Qwertyui's ghost hits you.
You hit qwertyui's ghost but do no damage.
Qwertyui's ghost is lightly damaged.
Qwertyui's ghost completely misses you.
You closely miss qwertyui's ghost.
Qwertyui's ghost is lightly damaged.
Qwertyui's ghost hits you!
You barely miss qwertyui's ghost.
Qwertyui's ghost is lightly damaged.
Qwertyui's ghost hits you but does no damage.
You barely miss qwertyui's ghost.
Qwertyui's ghost is lightly damaged.
Qwertyui's ghost hits you.
You hit qwertyui's ghost but do no damage.
Your tail-slap misses qwertyui's ghost.
Qwertyui's ghost is lightly damaged.
Qwertyui's ghost hits you.
* * * LOW HITPOINT WARNING * * *
Qwertyui's ghost hits you!
You die...

## . .# ###.#
#####... #♣.#...#
#8(W...# ♣.#@..#
########.#
.........########
................#
###############.#
#.###### #..#...#
##.#...##
#......#


You could see qwertyui's ghost.

Vanquished Creatures
  A jelly (D:3)
  2 adders (D:2)
  A worm (D:2)
  2 dart slugs (D:1)
  3 endoplasms
  4 giant cockroaches
  3 goblins (D:1)
  4 hobgoblins
  4 jackals (D:3)
  5 quokkas
  7 ball pythons
  2 bats
  3 frilled lizards
  2 kobolds (D:1)
  3 rats (D:1)
46 creatures vanquished.

Vanquished Creatures (others)
  3 withered plants (D:3)
3 creatures vanquished.

Grand Total: 49 creatures vanquished

Notes
Turn   | Place    | Note
-------+----------+-------------------------------------------
     0 | D:1      | YayAnonymity the Draconian Gladiator began the quest for
                  | the Orb.
     0 | D:1      | Reached XP level 1. HP: 17/17 MP: 1/1
   265 | D:1      | Reached XP level 2. HP: 19/24 MP: 2/2
  1106 | D:2      | Reached XP level 3. HP: 26/29 MP: 3/3
  1175 | D:2      | Reached skill level 4 in Long Blades
  1765 | D:3      | Reached XP level 4. HP: 30/36 MP: 4/4
  2052 | D:3      | Found a runed translucent door.
  2052 | D:3      | Noticed qwertyui's ghost (weakling GrFi)
  2065 | D:3      | Slain by qwertyui's ghost

Illustrated notes

Levels and vault maps discovered:
D:1:      kennysheep_arrival_forest, layout_loops_corners,
          minmay_misc_feat_four_crosses, minmay_misc_feat_columns
D:2:      layout_loops_cross
D:3:      layout_basic, gammafunk_ghost_grave,
          ebering_ecumenical_altar_petrified, cheibrodos_gnoll_hut

Skill      XL: |  1  2  3 |
---------------+----------+-----
Dodging        | 3 |  3.5
Long Blades    | 4 |  4.7
Fighting       | |  2.1
Throwing       | |  1.7

Action                   |  1- 3 |  4- 6 || total
-------------------------+-------+-------++-------
Melee: Long sword        |    83 |       ||    83
       Tailslap          |     6 |     4 ||    10
       Punch             |     1 |       ||     1
       Scimitar          |     2 |    35 ||    37
 Stab: Sleeping          |     6 |       ||     6
Armor: Skin              |    22 |     9 ||    31
Dodge: Dodged            |    51 |    29 ||    80

Table legend: (Time is in decaauts)
 A = Elapsed time spent in this place.
 B = Non-inter-level travel time spent in this place.
 C = Inter-level travel time spent in this place.
 D = Time resting spent in this place.
 E = Time spent auto-exploring this place.
 F = Levels seen in this place.
 G = Mean time per level.
                   A        B        C        D        E       F      G
               +--------+--------+--------+--------+--------+-----+--------+
         Total |   2088 |   2046 |     42 |      0 |   1722 |   3 |  696.0 |
       Dungeon |   2088 |   2046 |     42 |      0 |   1722 |   3 |  696.0 |
               +--------+--------+--------+--------+--------+-----+--------+

Top non-repeatable levels by time:
     D:1: 1109 daAuts
     D:2: 669 daAuts
     D:3: 308 daAuts
